 Dungeon Crawl Stone Soup version 0.29.0-4-gdea44cf6ec (webtiles) character file.

Game seed: 88180469183463477

342 qw the Chopper (level 6, 0/38 HPs)
             Began as a Gargoyle Fighter on Sept 9, 2022.
             Slain by Menkaure (16 damage)
             ... on level 4 of the Dungeon.
             The game lasted 00:01:27 (3175 turns).

qw the Chopper (Gargoyle Fighter)                   Turns: 3175, Time: 00:01:28

Health: 0/38       AC: 13    Str: 22    XL:     6   Next: 57%
Magic:  6/6        EV:  9    Int:  8    God:
Gold:   195        SH:  4    Dex:  9    Spells: 5/5 levels left

rFire   . . .      SeeInvis .   Y - +1 war axe
rCold   + + .      Faith    .   a - +0 buckler {rN+}
rNeg    + + +      Spirit   .   b - +0 scale mail
rPois   inf        Reflect  .   (no helmet)
rElec   +          Harm     .   (no cloak)
rCorr   .          Rampage  .   f - +1 pair of gloves of Tenacity {rC++ rN+}
Will    .....                   (no boots)
Stlth   ..........              (no amulet)
HPRegen 0.12/turn               (no ring)
MPRegen 0.10/turn               (no ring)

@: no status effects
A: sickness immunity, AC +4, negative energy resistance 1, electricity
resistance, torment resistance 1, petrification resistance
a: no special abilities


You were on level 4 of the Dungeon.
You visited 1 branch of the dungeon, and saw 4 of its levels.

You collected 195 gold pieces.


Innate Abilities, Weirdness & Mutations

You are immune to sickness and miasma.
Your stone body is resilient. (AC +4)
You are immune to poison.
You resist negative energy. (rN+)
You are resistant to electric shocks. (rElec)
You are resistant to unholy torment.
You are immune to petrification.


   Skills:
 - Level 4.0 Fighting
 + Level 5.6 Axes
 - Level 3.2 Armour
 - Level 1.0 Dodging
 - Level 3.2 Shields


You had 5 spell levels left.
You didn't know any spells.
Your spell library was empty.

Inventory:

Hand Weapons
 n - a +0 flail
 Y - a +1 war axe (weapon)
Armour
 a - a +0 buckler of positive energy (worn)
 b - a +0 scale mail (worn)
 f - the +1 pair of gloves of Tenacity (worn) {rC++ rN+}
   (You acquired it on level 2 of the Dungeon)

   rC:        It greatly protects you from cold.
   rN:        It protects you from negative energy.
Jewellery
 k - a ring of positive energy
Wands
 p - a wand of digging (1)
Scrolls
 g - a scroll of identify
Potions
 c - a potion of cancellation
 d - a potion of might
 e - a potion of mutation {unknown}
 h - a potion of flight {unknown}
 i - a potion of heal wounds {unknown}
 j - a potion of resistance {unknown}
 l - a potion of haste {unknown}
 m - a potion of degeneration {unknown}
 o - a potion of ambrosia {unknown}
 q - a potion of attraction {unknown}
 r - a potion of curing {unknown}

Dungeon Overview and Level Annotations

Branches:
Dungeon (4/15)             Temple (0/1) D:4

Altars:

Shops:
D:1 [

Annotations:
D:4 Menkaure


Message History

3150 ||| IDENTIFYING sedimented red potion
(D) Dungeon (T) Temple
Where to? (* - list waypoints, Enter - D:4, ? - help)
A kobold comes into view. It is wielding a +0 dagger.
The kobold shouts!
You hear an angry hiss.
You hear a shout!
The kobold throws a stone.
The stone barely misses you.
The kobold throws a stone.
You block the stone.
The kobold throws a stone.
The stone barely misses you.
You closely miss the kobold. The kobold hits you with a +0 dagger.
The kobold hits you but does no damage.
You slash the kobold!
You kill the kobold!
You start resting.
Menkaure, Prince of Dust comes into view.
3162 ||| Stepping ~*~*~tactically~*~*~ (hiding).
You start resting.
Menkaure is nearby!
Menkaure calls on the powers of darkness!
Your body is wracked with pain!
Things that are here:
a +0 dagger; 5 stones; a kobold corpse You barely miss Menkaure.
Menkaure hits you but does no damage.
Menkaure mumbles some strange words.
Menkaure seems to speed up.
You barely miss Menkaure. Menkaure barely misses you.
You hit Menkaure.
Menkaure is lightly damaged.
Menkaure hits you. Menkaure hits you!
You slash Menkaure!
Menkaure is severely damaged.
Menkaure hits you but does no damage.
You slash Menkaure!
Menkaure is almost destroyed.
You block Menkaure's attack. Menkaure hits you.
You barely miss Menkaure.
Menkaure is almost destroyed.
Menkaure hits you!
You die...

#.}.# ##
##...###..
........# #
..>..}. .. ....(.
#. #...# #.# #.M.#
#.###@..#
#.......###
..####...........
#........###.###.#
.###...## .#
#.....###.#
##........#
##)####### #.# ..
7~~


You could see Menkaure (fast).

Vanquished Creatures
  A necrophage (D:4)
  An orc priest (D:3)
  Natasha (thrice) (D:3)
  An orc wizard (D:3)
  4 gnolls
  5 adders (D:2)
  A worm (D:3)
  3 orcs (D:3)
  4 endoplasms (D:1)
  5 goblins
  8 hobgoblins
  2 quokkas
  9 ball pythons
  2 bats (D:1)
  5 frilled lizards
  14 kobolds
  7 rats
  A spectral kobold (D:1)
76 creatures vanquished.

Vanquished Creatures (others)
  A plant (D:4)
1 creature vanquished.

Grand Total: 77 creatures vanquished

Notes
Turn   | Place    | Note
-------+----------+-------------------------------------------
     0 | D:1      | qw the Gargoyle Fighter began the quest for the Orb.
     0 | D:1      | Reached XP level 1. HP: 14/14 MP: 1/1
     0 | D:1      | 0 ||| qw: Version: 0.1-a-112-g44dc6cd
     0 | D:1      | 0 ||| qw: Game counter: 6882
     0 | D:1      | 0 ||| qw: Always use a shield: true
     0 | D:1      | 0 ||| qw: God list: Okawaru
     0 | D:1      | 0 ||| qw: Allow faded altars: false
     0 | D:1      | 0 ||| qw: Do Orc after D:15 true
     0 | D:1      | 0 ||| qw: Do second Lair branch before Depths: true
     0 | D:1      | 0 ||| qw: Lair rune preference: random
     0 | D:1      | 0 ||| qw: Plans: Normal, Zot, God:TSO, Crypt, Tomb, Zig,
                  | Orb
     0 | D:1      | 0 ||| PLANNING D:1-11
    34 | D:1      | Reached skill level 2 in Axes
    76 | D:1      | 76 ||| Stepping ~*~*~tactically~*~*~ (stealth).
    77 | D:1      | 77 ||| Stepping ~*~*~tactically~*~*~ (stealth).
    81 | D:1      | 81 ||| Stepping ~*~*~tactically~*~*~ (stealth).
    82 | D:1      | 82 ||| Stepping ~*~*~tactically~*~*~ (stealth).
    84 | D:1      | 84 ||| Stepping ~*~*~tactically~*~*~ (stealth).
    96 | D:1      | 96 ||| Stepping ~*~*~tactically~*~*~ (stealth).
   100 | D:1      | 100 ||| Stepping ~*~*~tactically~*~*~ (stealth).
   101 | D:1      | 101 ||| Stepping ~*~*~tactically~*~*~ (stealth).
   116 | D:1      | 116 ||| Stepping ~*~*~tactically~*~*~ (stealth).
   121 | D:1      | 121 ||| Stepping ~*~*~tactically~*~*~ (stealth).
   264 | D:1      | Reached XP level 2. HP: 19/19 MP: 2/2
   330 | D:1      | Reached skill level 3 in Axes
   361 | D:1      | 361 ||| DROPPING +0 club.
   406 | D:1      | Reached XP level 3. HP: 21/23 MP: 3/3
   469 | D:1      | Found a faded altar of an unknown god.
   501 | D:1      | 501 ||| Stepping ~*~*~tactically~*~*~ (stealth).
   829 | D:1      | 829 ||| DROPPING +0 whip.
   835 | D:1      | Found Doil's Antique Armour Shoppe.
   849 | D:1      | 849 ||| SHOPLISTING dazzling leather armour (210 gold, have
                  | 56).
   849 | D:1      | 849 ||| SHOPLISTING runed scale mail (210 gold, have 56).
  1041 | D:1      | 1041 ||| READING scroll labelled ROITZE TUBESKA.
  1042 | D:1      | 1042 ||| READING scroll labelled ZEADGHA GUENIOC.
  1042 | D:1      | Identified a scroll of acquirement
  1042 | D:1      | 1042 ||| ACQUIRING +0 buckler of positive energy
  1042 | D:1      | Acquired a +0 buckler of positive energy
  1044 | D:1      | 1044 ||| UPGRADING to +0 buckler of positive energy.
  1054 | D:1      | 1054 ||| DROPPING +0 buckler.
  1055 | D:1      | 1055 ||| READING scroll labelled ZOTOYH WUSIMY.
  1056 | D:1      | 1056 ||| READING scroll labelled HOHAEF TIOSEY.
  1057 | D:1      | 1057 ||| READING scroll labelled BIDIRI KIRIXOQ.
  1086 | D:2      | Reached XP level 4. HP: 28/28 MP: 4/4
  1214 | D:2      | 1214 ||| Stepping ~*~*~tactically~*~*~ (stealth).
  1218 | D:2      | Reached skill level 4 in Axes
  1321 | D:2      | 1321 ||| READING scroll of acquirement.
  1321 | D:2      | 1321 ||| ACQUIRING +1 pair of gloves of Tenacity {rC++ rN+}
  1321 | D:2      | Acquired the +1 pair of gloves of Tenacity {rC++ rN+}
  1323 | D:2      | 1323 ||| UPGRADING to +1 pair of gloves of Tenacity {rC++
                  | rN+}.
  1557 | D:2      | 1557 ||| Stepping ~*~*~tactically~*~*~ (stealth).
  1702 | D:2      | 1702 ||| Stepping ~*~*~tactically~*~*~ (stealth).
  1709 | D:2      | 1709 ||| Stepping ~*~*~tactically~*~*~ (stealth).
  1810 | D:2      | 1810 ||| Stepping ~*~*~tactically~*~*~ (hiding).
  1821 | D:2      | Reached XP level 5. HP: 26/32 MP: 5/5
  1991 | D:2      | 1991 ||| READING scroll labelled MEIMER ITOVABB.
  2019 | D:3      | 2019 ||| Stepping ~*~*~tactically~*~*~ (hiding).
  2027 | D:3      | Reached skill level 5 in Axes
  2027 | D:3      | 2027 ||| Stepping ~*~*~tactically~*~*~ (stealth).
  2034 | D:3      | 2034 ||| Stepping ~*~*~tactically~*~*~ (stealth).
  2191 | D:3      | 2191 ||| Stepping ~*~*~tactically~*~*~ (stealth).
  2197 | D:3      | 2197 ||| Stepping ~*~*~tactically~*~*~ (stealth).
  2209 | D:3      | 2209 ||| Stepping ~*~*~tactically~*~*~ (stealth).
  2211 | D:3      | 2211 ||| Stepping ~*~*~tactically~*~*~ (stealth).
  2334 | D:3      | 2334 ||| Stepping ~*~*~tactically~*~*~ (hiding).
  2335 | D:3      | 2335 ||| Stepping ~*~*~tactically~*~*~ (hiding).
  2336 | D:3      | 2336 ||| Stepping ~*~*~tactically~*~*~ (hiding).
  2457 | D:3      | Noticed Natasha
  2463 | D:3      | Killed Natasha
  2464 | D:3      | Reached skill level 1 in Dodging
  2464 | D:3      | Reached XP level 6. HP: 35/38 MP: 6/6
  2544 | D:3      | Noticed Natasha
  2547 | D:3      | Killed Natasha
  2778 | D:3      | Noticed Natasha
  2779 | D:3      | 2779 ||| Stepping ~*~*~tactically~*~*~ (hiding).
  2788 | D:3      | Killed Natasha
  3149 | D:4      | Found a staircase to the Ecumenical Temple.
  3150 | D:4      | 3150 ||| PLANNING TEMPLE
  3150 | D:4      | 3150 ||| READING 2 scrolls of identify.
  3150 | D:4      | 3150 ||| IDENTIFYING sedimented red potion
  3161 | D:4      | Noticed Menkaure
  3162 | D:4      | 3162 ||| Stepping ~*~*~tactically~*~*~ (hiding).
  3175 | D:4      | Slain by Menkaure

Levels and vault maps discovered:
D:1:      onia_arrival_handbag, layout_loops_ring,
          dreamdust_ecumenical_altar_drowned_temple, serial_shops, shop
D:2:      layout_basic
D:3:      layout_basic, minmay_misc_feat_cross, kennysheep_generic_room_9,
          uniq_natasha
D:4:      layout_loops_corners, fedhas_ov_isle_minmay,
          minmay_temple_entry_junction, serial_bayou_ford_a, uniq_menkaure,
          uniq_ijyb

Skill      XL: |  1  2  3  4  5 |
---------------+----------------+-----
Axes           | 2 3 4 5 |  5.6
Fighting       | 4 |  4.0
Dodging        | 1 |  1.0
Armour         | |  3.2
Shields        | |  3.2

Action                   |  1- 3 |  4- 6 || total
-------------------------+-------+-------++-------
Melee: War axe           |    65 |   133 ||   198
  Use: Scroll            |     5 |     3 ||     8
Armor: Scale mail        |    27 |    45 ||    72
Dodge: Dodged            |    25 |    44 ||    69
Block: Buckler           |    15 |    29 ||    44

Table legend:
 A = Non-vault XP
 B = Vault XP
 C = Vault XP percentage of total XP
 D = Non-vault monster count
 E = Vault monster count
 F = Vault count percentage of total count
                 A         B        C        D         E       F
            +---------+---------+-------+---------+---------+-------
      Total |     446 |      43 |   8.8 |      69 |       7 |   9.2
            +---------+---------+-------+---------+---------+-------
        D:1 |      48 |       6 |  11.1 |      22 |       5 |  18.5
        D:2 |     138 |       0 |   0.0 |      27 |       0 |   0.0
        D:3 |     175 |      37 |  17.5 |      16 |       2 |  11.1
        D:4 |      85 |       0 |   0.0 |       4 |       0 |   0.0
            +---------+---------+-------+---------+---------+-------
